 Dungeon Crawl Stone Soup version 0.20.0-10-g0535bb4 (console) character file.

32233 removed the Black Sun (level 13, -8/76 HPs)
             Began as a Deep Elf Assassin on June 4, 2017.
             Was a High Priest of Kikubaaqudgha.
             Mangled by a spiny frog (9 damage)
             ... on level 6 of the Lair of Beasts.
             The game lasted 01:00:46 (19406 turns).

removed the Black Sun (Deep Elf Assassin)          Turns: 19406, Time: 01:00:46

Health: -8/76      AC: 12    Str:  8    XL:     13   Next: 30%
Magic:  20/38      EV: 19    Int: 25    God:    Kikubaaqudgha [*****.]
Gold:   782        SH:  0    Dex: 16    Spells: 4/32 levels left

rFire    . . .     SeeInvis .   a - +1 whip (pain)
rCold    . . .     Gourm    .   (no shield)
rNeg     + . .     Faith    .   w - +1 leather armour of the Cuttlefish {rN+ Regen+ Slay+2}
rPois    +         Spirit   .   I - +2 helmet {Int+3}
rElec    .         Reflect  .   d - +0 cloak
rCorr    .         Harm     .   Z - +0 pair of gloves
MR       +....                  P - +2 pair of boots
Stlth    +++.......             U - amulet of the Shrike {Regen+ Slay+4}
Regen    1.1/turn               p - ring of poison resistance
MPRegen  0.3/turn               H - ring of magical power

@: no status effects
A: no striking features
a: Receive Corpses, Torment, Renounce Religion


You were on level 6 of the Lair of Beasts.
You worshipped Kikubaaqudgha.
Kikubaaqudgha was extremely pleased with you.
You were not hungry.

You visited 3 branches of the dungeon, and saw 18 of its levels.
You also visited: Sewer.

You collected 1320 gold pieces.
You spent 538 gold pieces at shops.

Inventory:

Hand Weapons
 a - a +1 whip of pain (weapon)
 b - a +0 blowgun
 j - the +12 quarterstaff "Iniomuemp" {venom, Dex+7}
   (You found it on level 5 of the Lair of Beasts)

   It poisons the flesh of those it strikes.
   It affects your dexterity (+7).
Missiles
 e - 40 poisoned needles
Armour
 d - a +0 cloak (worn)
 w - the +1 leather armour of the Cuttlefish (worn) {rN+ Regen+ Slay+2}
   (You found it on level 2 of the Lair of Beasts)

   It affects your accuracy and damage with ranged weapons and melee attacks
   (+2).
   It protects you from negative energy.
   It increases your rate of regeneration.
 G - a +2 robe of the Archmagi
 I - a +2 helmet of intelligence (worn)
 J - a scarf of cloud immunity
 P - a +2 pair of boots (worn)
 Z - a +0 pair of gloves (worn)
Jewellery
 c - an uncursed ring of protection from cold
 f - an uncursed ring of protection from fire
 m - an uncursed amulet of harm {unknown}
 n - an uncursed ring of see invisible
 p - a ring of poison resistance (left hand)
 s - an uncursed ring of wizardry
 v - an uncursed ring of ice
 H - a ring of magical power (right hand)
 U - the amulet of the Shrike (around neck) {Regen+ Slay+4}
   (You bought it in a shop on level 5 of the Dungeon)

   [amulet of regeneration]

   It affects your accuracy and damage with ranged weapons and melee attacks
   (+4).
   It increases your rate of regeneration.
 X - an uncursed ring of resist corrosion
Wands
 i - a wand of iceblast (10/15)
 o - a wand of paralysis (13/24)
 E - a wand of flame (19/48)
 O - a wand of disintegration (9/24)
 S - a wand of polymorph (14/24)
Scrolls
 h - 3 scrolls of identify
 k - 2 scrolls of recharging
 F - 8 scrolls of teleportation
 N - 4 scrolls of remove curse
 R - 3 scrolls of amnesia
 T - 9 scrolls of enchant weapon
 Y - a scroll of enchant armour
Potions
 l - 2 potions of brilliance
 q - a potion of lignification
 r - 5 potions of heal wounds
 t - 2 potions of agility
 u - 2 potions of might
 x - a potion of resistance
 z - 7 potions of flight
 A - a potion of magic
 C - 3 potions of haste
 K - 11 potions of curing
 L - 2 potions of mutation
 V - a potion of cancellation
Miscellaneous
 B - a phantom mirror
Comestibles
 g - 11 bread rations
 D - 4 meat rations
 M - 4 royal jellies
 W - 19 fruits


   Skills:
 + Level 6.6 Fighting
   Level 2.0 Short Blades
 - Level 10.0 Maces & Flails
 - Level 2.0 Throwing
 - Level 11.1 Dodging
 - Level 4.8 Stealth
 - Level 10.0 Spellcasting
 - Level 5.1 Charms
 - Level 14.0 Necromancy


You had 4 spell levels left.
You knew the following spells:

 Your Spells              Type           Power        Failure   Level  Hunger
a - Agony                 Necr           ######..     1%          5    ####...
b - Bolt of Draining      Conj/Necr      #####.....   11%         5    ####...
d - Animate Dead          Necr           N/A          1%          4    None
e - Regeneration          Chrm/Necr      ######....   1%          3    None
u - Dispel Undead         Necr           ######..     1%          5    ####...
w - Excruciating Wounds   Chrm/Necr      ######....   3%          5    ####...
A - Apportation           Tloc           ##....       7%          1    None


Dungeon Overview and Level Annotations

Branches:
Dungeon (11/15)            Temple (1/1) D:6            Lair (6/6) D:10
  Swamp (0/4) Lair:2       Spider (0/4) Lair:4        Slime (0/5) Lair:5
    Orc (0/2) D:10

Altars:
Ashenzari
Cheibriados
Dithmenos
Elyvilon
Fedhas
Gozag
Hepliaklqana
Kikubaaqudgha
Makhleb
Nemelex Xobeh
Okawaru
Qazlal
Ru
Sif Muna
Trog
Uskayaw
Vehumet
Xom
Yredelemnul
Zin
The Shining One

Shops:
D:5 =

Annotations:
D:3 newuser's ghost, amateur OgEE
D:10 1 transporter
Lair:5 exclusion: 2 oklob plants


Message History

The dream sheep ruffle their wool and motes of dream dust sparkle, to no effect.
Unknown command.
The dream sheep bites you. The wolf spider hits you.
The wolf spider misses you.
The dream sheep are wreathed in dream dust.
You feel drowsy...
You fall asleep.
The dream sheep closely misses you. The dream sheep barely misses you.
The spiny frog barely misses you. The spiny frog misses you.
The dream sheep bites you!!
You wake up.
* * * LOW HITPOINT WARNING * * *
The dream sheep bites you but does no damage.
The dream sheep completely misses you.
The wolf spider hits you but does no damage.
The wolf spider misses you. The spiny frog closely misses you.
The wolf spider hits you!
* * * LOW HITPOINT WARNING * * *
The wolf spider bites you but does no damage.
The spiny frog stings you!
You die...
Kikubaaqudgha rasps: "You have failed me!
Welcome... death!"

## ####### .. . #.....#
## #.##. #.....### ..# #
..... #.....)####..#..
#P.### ##.....$.#.....
##...###.....Y.P...#
#P..###..#...YsY...#
##P...........YF@...#
PP.................##
.P....................
.....#P..#..............
.....##.####............
...P.#### #............
....#.# #............
.....#.. .............
.........


You could see a wolf spider, a spiny frog and 4 dream sheep.

Vanquished Creatures
  3 hydras
  2 two-headed ogres (D:8)
  Nergalle (Lair:1)
  Pikel (D:5)
  A manticore (D:10)
  An ugly thing (D:11)
  7 elephants
  4 black mambas
  A rime drake (Lair:4)
  10 spiny frogs
  A demonic crawler (Lair:4)
  2 komodo dragons
  3 trolls
  A polar bear (D:8)
  3 hornets
  16 blink frogs
  4 hippogriffs
  Sigmund (D:4)
  5 wyverns
  16 yaks
  A wraith (D:10)
  3 basilisks
  A hungry ghost (D:5)
  A steam dragon (D:11)
  7 water moccasins
  Duvessa (D:5)
  6 porcupines
  3 ice beasts
  An eye of draining (D:10)
  4 black bears
  2 phantoms
  6 orc warriors
  2 sky beasts
  8 ogres
  A necrophage (D:9)
  11 wolves
  5 centaurs
  12 crocodiles
  Blork the orc (D:5)
  5 big kobolds
  4 gnoll sergeants
  15 bullfrogs
  6 scorpions
  Dowan (D:5)
  15 wights
  A killer bee (D:7)
  A howler monkey (D:4)
  The ghost of removed the Sneak, a weakling DEAs (Sewer)
  5 crimson imps
  3 bullfrog zombies
  A quasit (D:9)
  A centaur zombie (D:9)
  A jelly (D:5)
  3 hounds
  5 orc wizards
  6 orc priests
  4 bullfrog skeletons
  2 centaur skeletons
  Terence (D:2)
  6 iguanas
  Natasha (thrice) (D:4)
  10 worker ants
  2 killer bee zombies
  A bullfrog simulacrum (D:8)
  2 worker ant zombies
  Robin (D:2)
  8 gnolls
  A howler monkey skeleton (D:9)
  16 adders
  A river rat (Sewer)
  2 shadow imps
  A white imp (D:8)
  An ufetubus (D:8)
  2 oozes
  9 worms
  3 dart slugs
  3 leopard geckos
  31 orcs
  6 bats
  7 giant cockroaches
  14 goblins
  10 hobgoblins
  14 jackals
  5 quokkas
  A ball python (D:3)
  5 frilled lizards
  A giant cockroach zombie (D:6)
  A jackal zombie (D:7)
  11 kobolds
  A quokka zombie (D:9)
  9 rats
428 creatures vanquished.

Vanquished Creatures (others)
  2 orc priests (D:5)
  An orc (D:5)
  A bush (Lair:3)
  6 fungi
  15 plants
25 creatures vanquished.

Grand Total: 453 creatures vanquished

Notes
Turn   | Place    | Note
-------+----------+-------------------------------------------
     0 | D:1      | removed the Deep Elf Assassin began the quest for the Orb.
     0 | D:1      | Reached XP level 1. HP: 12/12 MP: 3/3
   175 | D:1      | Reached XP level 2. HP: 16/16 MP: 4/4
   612 | D:1      | Reached XP level 3. HP: 20/20 MP: 5/5
   856 | D:2      | Noticed Robin
  1268 | D:2      | Noticed Terence
  1451 | D:2      | Reached XP level 4. HP: 22/26 MP: 6/6
  1617 | D:2      | Killed Robin
  2373 | D:2      | Killed Terence
  2427 | D:3      | Found a blossoming altar of Fedhas.
  2557 | D:3      | Reached XP level 5. HP: 23/32 MP: 7/7
  2702 | D:3      | Noticed newuser's ghost (amateur OgEE)
  2865 | D:3      | Noticed an ogre
  2886 | D:3      | Killed an ogre
  3372 | D:4      | Reached XP level 6. HP: 35/38 MP: 8/8
  3377 | D:4      | Noticed Natasha
  3400 | D:4      | Killed Natasha
  3400 | D:4      | Reached skill level 5 in Dodging
  3828 | D:4      | Reached XP level 7. HP: 43/43 MP: 9/9
  4387 | D:4      | Noticed Natasha
  4393 | D:4      | Killed Natasha
  4436 | D:4      | Reached skill level 5 in Fighting
  4532 | D:4      | Noticed Sigmund
  4542 | D:4      | Killed Sigmund
  4612 | D:4      | Reached XP level 8. HP: 51/51 MP: 10/10
  4613 | D:4      | Noticed Natasha
  4618 | D:4      | Killed Natasha
  4652 | D:5      | Entered Level 5 of the Dungeon
  4755 | D:5      | Noticed Blork the orc
  4792 | D:5      | Killed Blork the orc
  4963 | D:5      | Found a glowing drain.
  4986 | Sewer    | Entered a sewer
  5069 | Sewer    | Noticed removed's ghost (weakling DEAs)
  5109 | Sewer    | Killed removed's ghost
  5170 | Sewer    | Found a glowing silver altar of Zin.
  5306 | D:5      | Noticed Dowan
  5312 | D:5      | Noticed Duvessa
  5329 | D:5      | Killed Dowan
  5329 | D:5      | Killed Duvessa
  5371 | D:5      | Found Buidiuvi's Jewellery Shoppe.
  5532 | D:5      | Found a white marble altar of Elyvilon.
  5545 | D:5      | Noticed Pikel
  5558 | D:5      | Killed Pikel
  5688 | D:5      | Reached XP level 9. HP: 55/55 MP: 11/11
  6065 | D:6      | Found a staircase to the Ecumenical Temple.
  6076 | Temple   | Entered the Ecumenical Temple
  6318 | Temple   | Became a worshipper of Kikubaaqudgha
  6748 | D:6      | Found a sparkling altar of Nemelex Xobeh.
  6945 | D:6      | Reached skill level 5 in Maces & Flails
  7430 | D:7      | Found an iron altar of Okawaru.
  7431 | D:7      | Found a sacrificial altar of Ru.
  7735 | D:7      | Found an iron altar of Okawaru.
  7830 | D:7      | Reached * piety under Kikubaaqudgha
  7830 | D:7      | Identified Kikubaaqudgha's Tome of Stolen Souls (Kikubaaqudgha gifted it to you on level 7 of the Dungeon)
  7830 | D:7      | Received a gift from Kikubaaqudgha
  7837 | D:7      | Learned a level 3 spell: Regeneration
  8586 | D:8      | Reached XP level 10. HP: 39/60 MP: 12/12
  8853 | D:8      | Noticed a two-headed ogre
  8917 | D:8      | Killed a two-headed ogre
  9253 | D:8      | Reached ** piety under Kikubaaqudgha
  9399 | D:8      | Noticed a two-headed ogre
  9420 | D:8      | Killed a two-headed ogre
  9950 | D:5      | Bought the amulet of the Shrike {Regen+ Slay+4} for 538 gold pieces
 10355 | D:9      | Reached skill level 10 in Maces & Flails
 10401 | D:9      | Reached skill level 1 in Necromancy
 10482 | D:9      | Reached skill level 2 in Necromancy
 10517 | D:9      | Reached *** piety under Kikubaaqudgha
 10517 | D:9      | Identified Kikubaaqudgha's Volume of Dark Arts (Kikubaaqudgha gifted it to you on level 9 of the Dungeon)
 10517 | D:9      | Received a gift from Kikubaaqudgha
 10531 | D:9      | Learned a level 5 spell: Agony
 10854 | D:10     | Entered Level 10 of the Dungeon
 10868 | D:9      | Reached skill level 3 in Necromancy
 11061 | D:10     | Noticed a manticore
 11278 | D:10     | Found a staircase to the Lair.
 11288 | D:10     | Found a shattered altar of Ashenzari.
 11342 | D:10     | Reached skill level 4 in Necromancy
 11342 | D:10     | Reached XP level 11. HP: 63/64 MP: 13/13
 11595 | D:10     | Found a transporter.
 11637 | D:10     | Reached skill level 5 in Necromancy
 11818 | D:10     | Found a staircase to the Orcish Mines.
 11865 | D:10     | Reached skill level 6 in Necromancy
 11908 | D:10     | Reached skill level 7 in Necromancy
 12041 | D:10     | Reached skill level 8 in Necromancy
 12470 | D:11     | Got a fine chain mail
 12615 | D:11     | Reached skill level 9 in Necromancy
 12625 | D:11     | Reached **** piety under Kikubaaqudgha
 13189 | D:11     | Noticed a red ugly thing
 13197 | D:11     | Killed a red ugly thing
 13197 | D:11     | Reached skill level 10 in Necromancy
 13336 | D:11     | Reached skill level 1 in Spellcasting
 13628 | Lair:1   | Entered Level 1 of the Lair of Beasts
 13652 | Lair:1   | Learned a level 5 spell: Dispel Undead
 13706 | Lair:1   | Noticed Nergalle
 13709 | Lair:1   | Noticed a spectral orc warlord
 13717 | Lair:1   | Killed Nergalle
 13717 | Lair:1   | Reached skill level 5 in Spellcasting
 14323 | Lair:1   | Learned a level 4 spell: Animate Dead
 14325 | Lair:1   | Learned a level 1 spell: Apportation
 14331 | Lair:1   | Learned a level 5 spell: Excruciating Wounds
 14729 | Lair:2   | Reached XP level 12. HP: 31/70 MP: 26/26
 14844 | Lair:2   | Found a staircase to the Swamp.
 14871 | Lair:2   | Reached skill level 1 in Charms
 15092 | Lair:2   | Got a scorched leather armour
 15644 | Lair:2   | Identified the cursed +1 leather armour of the Cuttlefish {rN+ Regen+ Slay+2} (You found it on level 2 of the Lair of Beasts)
 15660 | Lair:2   | Reached skill level 11 in Necromancy
 15666 | Lair:2   | Reached skill level 5 in Charms
 15995 | Lair:3   | Noticed a seven-headed hydra
 16061 | Lair:3   | Killed a seven-headed hydra
 16061 | Lair:3   | Reached skill level 12 in Necromancy
 16450 | Lair:3   | Reached skill level 13 in Necromancy
 16991 | Lair:4   | Noticed an eight-headed hydra
 16998 | Lair:4   | Killed an eight-headed hydra
 16998 | Lair:4   | Reached ***** piety under Kikubaaqudgha
 17168 | Lair:4   | Reached skill level 14 in Necromancy
 17265 | Lair:4   | Noticed a five-headed hydra
 17272 | Lair:4   | Killed a five-headed hydra
 17544 | Lair:4   | Found a hole to the Spider Nest.
 17631 | Lair:4   | Identified the +3 chain mail of Music {-Tele Dex+2 SInv} (You found it on level 11 of the Dungeon)
 18098 | Lair:4   | Reached skill level 10 in Spellcasting
 18115 | Lair:5   | Reached XP level 13. HP: 59/74 MP: 22/29
 18237 | Lair:5   | Got a ripped robe
 18248 | Lair:5   | Identified the +1 robe of Conscience {Stlth+} (You found it on level 5 of the Lair of Beasts)
 18287 | Lair:5   | Learned a level 5 spell: Bolt of Draining
 18289 | Lair:5   | Got a slimy quarterstaff
 18483 | Lair:5   | Identified the +12 quarterstaff "Iniomuemp" {venom, Dex+7} (You found it on level 5 of the Lair of Beasts)
 18501 | Lair:5   | Reached skill level 10 in Dodging
 18547 | Lair:5   | Found a staircase to the Slime Pits.
 18958 | Lair:6   | Entered Level 6 of the Lair of Beasts
 19406 | Lair:6   | HP: 1/76 [wolf spider (15)]
 19406 | Lair:6   | Mangled by a spiny frog

Skill      XL: |  1  2  3  4  5  6  7  8  9 10 11 12 13 |
---------------+----------------------------------------+-----
Dodging        | 2 3 4 7 9 11 | 11.1
Fighting       | 2 3 4 6 |  6.6
Maces & Flails | 4 7 10 | 10.0
Necromancy     | 4 10 14 | 14.0
Spellcasting   | 8 10 | 10.0
Charms         | 5 |  5.1
Short Blades   | |  2.0
Throwing       | |  2.0
Stealth        | |  4.8

Action                   |  1- 3 |  4- 6 |  7- 9 | 10-12 | 13-15 || total
-------------------------+-------+-------+-------+-------+-------++-------
Melee: Spear             |    93 |   164 |   105 |       |       ||   362
       Short sword       |       |       |   141 |       |       ||   141
       Whip              |       |       |   134 |  1025 |   151 ||  1310
       Trident           |       |       |    15 |       |       ||    15
 Fire: Blowgun           |     5 |    21 |    46 |    34 |       ||   106
 Cast: Agony             |       |       |       |    78 |    18 ||    96
       Regeneration      |       |       |       |    25 |    11 ||    36
       Excruciating Woun |       |       |       |    23 |     6 ||    29
Evoke: Wand              |       |     1 |     6 |    10 |       ||    17
  Use: Scroll            |       |    10 |     6 |    17 |     3 ||    36
       Potion            |       |     2 |     1 |     1 |       ||     4
 Stab: Sleeping          |    11 |    11 |    15 |    18 |     1 ||    56
       Distracted        |     1 |       |     1 |     1 |       ||     3
       Invisible         |       |     5 |       |       |       ||     5
       Paralysed         |       |       |     3 |       |       ||     3
  Eat: Chunk             |     2 |     7 |    17 |    51 |     2 ||    79
       Bread ration      |       |       |       |     2 |     2 ||     4
Armor: Robe              |     9 |    34 |    47 |   105 |       ||   195
       Skin              |       |       |     1 |    13 |       ||    14
       Leather armour    |       |       |       |    76 |    35 ||   111
Dodge: Dodged            |    43 |    94 |   245 |   675 |   135 ||  1192
Block: Other             |       |    15 |    75 |    28 |       ||   118
       Reflection        |       |     1 |     2 |       |       ||     3
